 Dungeon Crawl Stone Soup version 0.19.4-12-gccf7e64 (webtiles) character file.

263 Magnus the Slasher (level 5, -1/41 HPs)
             Began as a Mummy Monk on Feb 28, 2017.
             Killed from afar by an orc wizard (10 damage)
             ... with a puff of flame
             ... on level 3 of the Dungeon.
             The game lasted 00:06:52 (3893 turns).

Magnus the Slasher (Mummy Monk)                     Turns: 3893, Time: 00:06:52

Health: -1/41      AC:  5    Str: 16    XL:     5   Next: 98%
Magic:  5/5        EV: 11    Int:  9    God:
Gold:   42         SH:  0    Dex: 14    Spells: 0 memorised, 4 levels left

rFire  x . .     SeeInvis .     d - +2 short sword (vamp)
rCold  + . .     Gourm    .     m - +0 ring mail
rNeg   + + +     Faith    .     (no shield)
rPois  ∞         Spirit   .     (no helmet)
rElec  .         Reflect  .     (no cloak)
rCorr  .         Harm     .     (no gloves)
MR     .....                    (no boots)
Stlth  +.........               (no amulet)
                                (no ring)
                                e - +2 ring of slaying

@: no status effects
A: no food or potions, fire vulnerability, cold resistance 1, negative energy
resistance 3, torment resistance, unbreathing
a: no special abilities


You were on level 3 of the Dungeon.
You were not hungry.

You visited 1 branch of the dungeon, and saw 3 of its levels.

You collected 42 gold pieces.

Inventory:

Hand Weapons
 a - a +0 falchion
 d - a +2 vampiric short sword (weapon)
Missiles
 j - a throwing net (quivered)
Armour
 m - a +0 ring mail (worn)
 o - a +0 scale mail
Jewellery
 e - a +2 ring of slaying (left hand)
Scrolls
 b - a scroll of amnesia {unknown}
 c - a scroll of teleportation {unknown}
 f - 2 scrolls of remove curse {unknown}
 g - a scroll of random uselessness {unknown}
 h - a scroll of recharging {unknown}
 i - 3 scrolls of identify {unknown}
 l - a scroll of magic mapping {unknown}
 n - a scroll of immolation {unknown}


   Skills:
 - Level 3.0 Fighting
 + Level 5.6 Long Blades
 - Level 2.4 Dodging
 - Level 1.5 Stealth


You had 4 spell levels left.
You didn't know any spells.

Dungeon Overview and Level Annotations

Branches:
Dungeon (3/15)

Altars:


Innate Abilities, Weirdness & Mutations

You do not eat or drink.
Your flesh is vulnerable to fire.
You are immune to poison.
Your flesh is cold resistant. (rC+)
You are immune to negative energy. (rN+++)
You are immune to unholy pain and torment.
You can survive without breathing.


Message History

* * * LOW HITPOINT WARNING * * *
You are too injured to fight recklessly!
You are too injured to fight recklessly!
You closely miss the orc wizard.
The orc wizard is heavily wounded.
The orc wizard barely misses you.
Unknown command.
You hit the orc wizard.
The orc wizard is heavily wounded.
The orc wizard hits you but does no damage.
You closely miss the orc wizard.
The orc wizard is heavily wounded.
The orc wizard hits you with a dagger.
* * * LOW HITPOINT WARNING * * *
Unknown command.
You closely miss the orc wizard.
The orc wizard is heavily wounded.
The orc wizard gestures at you while chanting.
The puff of flame hits you! The fire burns you terribly!
You die...

.....................
.#.....#.#†........#
.#........†.....#..#
.#..#######.#......# ##
...................# ...
##..#.#########....#....
##..#^# #..........
....#.# #..).#.....
##.##.# ##@#.# ..#
...... #o#.#...#.
......# #r..#.....
......# ##).....#.
......# #####.........
......# #.......##..>.
...... .'.............
.. ##.......##....
..#.....## .#.


You could see an orc wizard and a rat.

Vanquished Creatures
  An orc wizard (D:3)
  A bullfrog skeleton (D:3)
  3 gnolls (D:2)
  5 adders
  An ooze (D:2)
  6 worms
  2 dart slugs
  10 orcs (D:3)
  A ball python (D:2)
  6 goblins
  9 hobgoblins
  10 jackals
  A quokka (D:3)
  8 bats
  3 frilled lizards
  7 kobolds
  39 rats
113 creatures vanquished.

Notes
Turn   | Place    | Note
-------+----------+-------------------------------------------
     0 | D:1      | Magnus the Mummy Monk began the quest for the Orb.
     0 | D:1      | Reached XP level 1. HP: 18/18 MP: 1/1
   312 | D:1      | Reached XP level 2. HP: 14/24 MP: 2/2
   523 | D:1      | Reached skill level 3 in Long Blades
   961 | D:2      | Reached XP level 3. HP: 27/29 MP: 3/3
  1422 | D:3      | Reached skill level 4 in Long Blades
  1602 | D:2      | Reached XP level 4. HP: 16/35 MP: 4/4
  2799 | D:2      | Reached XP level 5. HP: 41/41 MP: 5/5
  3243 | D:2      | Reached skill level 5 in Long Blades
  3893 | D:3      | Killed from afar by an orc wizard

Skill      XL: |  1  2  3  4  5 |
---------------+----------------+-----
Long Blades    | 3 4 5 |  5.6
Fighting       | |  3.0
Dodging        | |  2.4
Stealth        | |  1.5

Action                   |  1- 3 |  4- 6 || total
-------------------------+-------+-------++-------
Melee: Falchion          |    29 |       ||    29
       Short sword       |    72 |   247 ||   319
 Stab: Sleeping          |     3 |       ||     3
       Distracted        |       |     1 ||     1
Armor: Robe              |    20 |    19 ||    39
       Ring mail         |       |    22 ||    22
Dodge: Dodged            |    73 |   150 ||   223
       Rpst.: Falchion   |    10 |       ||    10
